 Dungeon Crawl Stone Soup version 0.18.1-48-g4cf74bf (webtiles) character file.

258 Ratgod the Changer (level 6, -3/51 HPs)
             Began as a Naga Transmuter on June 30, 2016.
             Was an Initiate of Fedhas.
             Slain by Ratgod's ghost (5 damage)
             ... on level 3 of the Dungeon.
             The game lasted 00:08:35 (1897 turns).

Ratgod the Changer (Naga Transmuter)                Turns: 1897, Time: 00:08:35

Health: -3/51      AC:  7    Str: 10 (12) XL:     6   Next: 16%
Magic:  1/9        EV:  9    Int: 12 (15) God:    Fedhas [......]
Gold:   110        SH:  0    Dex:  9 (12) Spells: 3 memorised, 3 levels left

rFire  . . .     SeeInvis +       - Unarmed
rCold  . . .     Gourm    .     b - +0 robe
rNeg   . . .     Faith    .     (no shield)
rPois  +         Spirit   .     (no helmet)
rElec  .         Dismiss  .     e - +0 cloak
rCorr  .         Reflect  .     (no gloves)
SustAt .         Harm     .     (no barding)
MR     .....     Rnd*Tele +     (no amulet)
Stlth  +.........               k - +3 ring of protection
                                h - ring of teleportation (curse)

@: very slightly contaminated, very slow, not resistant to hostile enchantments,
very unstealthy
A: see invisible, deformed body, poison resistance, slowness 2, slow metabolism
1, spit poison 2, AC +2
a: Spit Poison, Renounce Religion


You were on level 3 of the Dungeon.
You worshipped Fedhas.
Fedhas was noncommittal.
You were near starving.

You visited 1 branch of the dungeon, and saw 3 of its levels.

You collected 110 gold pieces.

Inventory:

Missiles
 a - 55 arrows
Armour
 b - a +0 robe (worn)
 e - a +0 cloak (worn)
 j - a +2 chain mail of magic resistance
 q - a +0 helmet
Jewellery
 h - a cursed ring of teleportation (left hand)
 k - a +3 ring of protection (right hand)
Scrolls
 m - 2 scrolls of identify
 p - 2 scrolls of recharging
Potions
 g - a potion of flight
 i - a potion of degeneration
Books
 c - a book of Changes

   Spells                             Type                      Level
   a - Beastly Appendage              Transmutation                1
   b - Sticks to Snakes               Transmutation                2
   c - Spider Form                    Transmutation/Poison         3
   d - Ice Form                       Ice/Transmutation            4
   e - Blade Hands                    Transmutation                5
 n - a Young Poisoner's Handbook

   Spells                             Type                      Level
   a - Sting                          Conjuration/Poison           1
   b - Cure Poison                    Poison                       2
   c - Mephitic Cloud                 Conjuration/Poison/Air       3
   d - Olgreb's Toxic Radiance        Poison                       4
   e - Venom Bolt                     Conjuration/Poison           5
Comestibles
 d - 3 bread rations
 f - a beef jerky
 l - 2 meat rations


   Skills:
 - Level 1.0 Fighting
 - Level 1.5 Dodging
 - Level 3.0 Unarmed Combat
 - Level 2.0 Spellcasting
 + Level 6.3 Transmutations


You had 3 spell levels left.
You knew the following spells:

 Your Spells              Type           Power        Failure   Level  Hunger
a - Beastly Appendage     Trmt           ###...       1%          1    ##.....
b - Sticks to Snakes      Trmt           ###.....     3%          2    ###....
c - Spider Form           Trmt/Pois      #.........   24%         3    ####...


Dungeon Overview and Level Annotations

Branches:
Dungeon (3/15)

Altars:
Fedhas

Annotations:
D:3 Ratgod's ghost, amateur CeHu


Innate Abilities, Weirdness & Mutations

You cannot wear boots.
Your serpentine skin is tough (AC +2).
You have supernaturally acute eyesight.
Armour fits poorly on your strangely shaped body.
Your system is resistant to poisons.
You cover ground very slowly.
You have a slow metabolism.
You can spit poison.


Message History

Really fire in your ball python's direction?
The splash of poison hits Ratgod's ghost.
Ratgod's ghost completely resists.
Ratgod's ghost is moderately damaged.
You feel slightly more hungry.
Your ball python bites Ratgod's ghost but does no damage.
Ratgod's ghost barely misses you.
Casting: Spider Form
Confirm with . or Enter, or press ? or * to list all spells.
You miscast Sticks to Snakes.
Your skin glows momentarily.
You are near starving!
Your ball python bites Ratgod's ghost but does no damage.
Ratgod's ghost closely misses you.
Your ball python bites Ratgod's ghost but does no damage.
Your transformation has ended.
Your +0 cloak unmelds from your body.
Your +0 robe unmelds from your body.
You have got your breath back.
Ratgod's ghost hits you.
You die...
Fedhas appreciates your contribution to the ecosystem.

.#######......#.#.#
. .........#.##P#.#
.........#.#.##)#.#
.######..#.#.##.#.#
#..#...##.#.#
#..######.#.#
#.........#S#
#.#########W##
#.........@..#
##############


You could see Ratgod's ghost and a friendly ball python.

Vanquished Creatures
  Sigmund (D:2)
  An orc wizard (D:3)
  3 adders (D:2)
  2 oozes (D:1)
  A worm (D:2)
  A giant gecko (D:1)
  2 orcs (D:3)
  A giant cockroach (D:2)
  4 goblins
  6 hobgoblins
  6 bats
  2 giant newts (D:1)
  4 kobolds
  6 rats
40 creatures vanquished.

Vanquished Creatures (others)
  9 toadstools
9 creatures vanquished.

Grand Total: 49 creatures vanquished

Notes
Turn   | Place    | Note
--------------------------------------------------------------
     0 | D:1      | Ratgod the Naga Transmuter began the quest for the Orb.
     0 | D:1      | Reached XP level 1. HP: 18/18 MP: 3/3
    90 | D:1      | Reached XP level 2. HP: 12/25 MP: 5/5
   345 | D:1      | Reached skill level 3 in Transmutations
   349 | D:1      | Learned a level 2 spell: Sticks to Snakes
   490 | D:1      | Reached XP level 3. HP: 29/31 MP: 4/6
   495 | D:1      | Learned a level 3 spell: Spider Form
   920 | D:2      | Noticed Sigmund
   942 | D:2      | Killed Sigmund
   942 | D:2      | Reached skill level 5 in Transmutations
   942 | D:2      | Reached XP level 4. HP: 38/38 MP: 5/7
   942 | D:2      | Reached XP level 5. HP: 44/44 MP: 5/8
  1236 | D:2      | Found a blossoming altar of Fedhas.
  1293 | D:2      | Became a worshipper of Fedhas Madash
  1427 | D:2      | Reached skill level 6 in Transmutations
  1543 | D:2      | Reached XP level 6. HP: 48/51 MP: 7/9
  1846 | D:3      | Noticed Ratgod's ghost (amateur CeHu)
  1891 | D:3      | HP: 1/51 [Ratgod's ghost (4)]
  1897 | D:3      | Slain by Ratgod's ghost

Skill      XL: |  1  2  3  4  5 |
---------------+----------------+-----
Transmutations | 3 5 6 |  6.3
Fighting       | |  1.0
Dodging        | |  1.5
Unarmed Combat | |  3.0
Spellcasting   | |  2.0

Action                   |  1- 3 |  4- 6 || total
-------------------------+-------+-------++-------
Melee: Unarmed           |    55 |    44 ||    99
       Headbutt          |     6 |     3 ||     9
       Punch             |     2 |       ||     2
 Cast: Beastly Appendage |    13 |     6 ||    19
       Spider Form       |       |     5 ||     5
       Sticks to Snakes  |       |     1 ||     1
 Abil: Spit Poison       |    17 |     8 ||    25
  Use: Scroll            |     1 |     2 ||     3
       Potion            |       |     3 ||     3
 Stab: Sleeping          |     1 |       ||     1
  Eat: Chunk             |       |     4 ||     4
Armor: Robe              |    24 |    19 ||    43
       Skin              |       |     3 ||     3
Dodge: Dodged            |    35 |    35 ||    70
